 Dungeon Crawl Stone Soup version 0.29.1-12-g30fa7ad0bf (webtiles) character file.

Game seed: 4442884889097189039

3868 xian the Gusty (level 10, -6/66 HPs)
             Began as a Human Air Elementalist on Dec 28, 2022.
             Was a Believer of Vehumet.
             Killed from afar by a gargoyle (22 damage)
             ... with a stone arrow
             ... on level 10 of the Dungeon.
             The game lasted 00:22:45 (10090 turns).

xian the Gusty (Human Air Elementalist)            Turns: 10090, Time: 00:22:46

Health: -6/66      AC: 13    Str:  8    XL:     10   Next: 42%
Magic:  9/20       EV: 11    Int: 23    God:    Vehumet [**....]
Gold:   222        SH:  5    Dex: 20    Spells: 11/22 levels left

rFire   . . .      SeeInvis +   F - +4 quarterstaff (chaos)
rCold   . . .      Faith    .   (shield currently unavailable)
rNeg    . . .      Spirit   .   v - +3 ring mail of the Pit {rElec}
rPois   .          Reflect  +   c - +1 helmet {Int+3}
rElec   +          Harm     .   D - +0 cloak
rCorr   .          Rampage  .   (no gloves)
Will    .....                   (no boots)
Stlth   ++........              E - amulet of reflection
HPRegen 0.21/turn               I - ring of see invisible
MPRegen 0.17/turn               p - +6 ring of dexterity

@: sluggish, very slow
A: no striking features
a: Renounce Religion


You were on level 10 of the Dungeon.
You worshipped Vehumet.
Vehumet was pleased with you.
You visited 2 branches of the dungeon, and saw 11 of its levels.

You collected 496 gold pieces.
You spent 274 gold pieces at shops.

Inventory:

Hand Weapons
 F - a +4 quarterstaff of chaos (weapon)
Armour
 c - a +1 helmet of intelligence (worn)
 v - the +3 ring mail of the Pit (worn) {rElec}
   (You found it on level 2 of the Dungeon)

   rElec:     It insulates you from electricity.
 D - a +0 cloak (worn)
Magical Staves
 s - a staff of death
Jewellery
 p - a +6 ring of dexterity (right hand)
 C - a +6 ring of strength
 E - an amulet of reflection (around neck)
 I - a ring of see invisible (left hand)
Wands
 e - a wand of flame (56)
 y - a wand of paralysis (11)
 H - a wand of digging (8)
Scrolls
 d - a scroll of blinking {unknown}
 h - 6 scrolls of teleportation
 i - 4 scrolls of amnesia
 j - a scroll of silence
 m - 2 scrolls of immolation
 n - a scroll of magic mapping
 o - a scroll of fog
 t - 3 scrolls of vulnerability {unknown}
 x - 4 scrolls of fear {unknown}
 z - a scroll of summoning {unknown}
 A - a scroll of brand weapon {unknown}
 B - a scroll of enchant armour
 J - a scroll of poison {unknown}
Potions
 a - 4 potions of curing {unknown}
 b - 4 potions of magic
 f - 4 potions of haste {unknown}
 g - 7 potions of heal wounds
 k - a potion of cancellation
 l - a potion of lignification
 q - 3 potions of might {unknown}
 r - 4 potions of mutation {unknown}
 u - 4 potions of brilliance {unknown}
 G - a potion of ambrosia


   Skills:
 + Level 1.4 Fighting
 + Level 1.2(1.5) Maces & Flails
 + Level 1.1(1.4) Staves
 * Level 6.6 Armour
 + Level 2.7 Dodging
 + Level 3.7 Stealth
 + Level 0.1 Shields
 + Level 6.8 Spellcasting
 + Level 6.8 Conjurations
 + Level 0.2 Fire Magic
 + Level 7.2 Air Magic


You had 11 spell levels left.
You knew the following spells:

 Your Spells              Type           Power      Damage    Failure   Level
a - Shock                 Conj/Air       100%       1d9       1%          1
b - Static Discharge      Conj/Air       40%        3-8/arc   1%          2
c - Swiftness             Air            41%        N/A       3%          3
d - Airstrike             Air            20%        2d(3-19)  11%         4
e - Foxfire               Conj/Fire      96%        2x1d8     4%          1

Your spell library contained the following spells:

 Spells                   Type           Power      Damage    Failure   Level
 Magic Dart               Conj           100%       1d8       1%          1
 Conjure Flame            Conj/Fire      24%        6-21      14%         3
 Sticky Flame             Conj/Fire      24%        2d5       43%         4
 Ignite Poison            Fire/Tmut/Pois 8%         N/A       52%         3
 Borgnjor's Revivificati  Necr           3%         N/A       100%        8
 Necromutation            Tmut/Necr      3%         N/A       100%        8
 Death's Door             Necr           3%         N/A       100%        9


Dungeon Overview and Level Annotations

Branches:
Dungeon (10/15)            Temple (1/1) D:4
   Lair: D:8-11         Orc: D:9-12

Altars:
Ashenzari
Cheibriados
Gozag
Makhleb
Ru
Uskayaw
Vehumet
Zin
The Shining One

Shops:
D:3 *   D:4 =**   D:8 !

Annotations:
D:10 Erolcha


Message History

You start resting.
You start to feel a little slower.
You start resting.
An acid dragon is nearby!
Casting: Swiftness (dangerous; 3% risk of failure)
Confirm with . or Enter, or press ? or * to list all spells.
This spell is already in effect.
Casting: Swiftness (dangerous; 3% risk of failure)
Confirm with . or Enter, or press ? or * to list all spells.
The acid dragon is struck by an arc of lightning.
The acid dragon is moderately wounded.
You resist.
You are struck by an arc of lightning.
* * * LOW HITPOINT WARNING * * *
The acid dragon is struck by an arc of lightning!
The acid dragon is severely wounded.
You resist.
You are struck by an arc of lightning.
The acid dragon spits acid at you. The splash of acid misses you.
Casting: Static Discharge (safe; 1% risk of failure)
Confirm with . or Enter, or press ? or * to list all spells.
The acid dragon is struck by an arc of lightning!
The acid dragon is almost dead.
You resist.
You are struck by an arc of lightning.
* * * LOW HITPOINT WARNING * * *
The acid dragon is struck by an arc of lightning!
You kill the acid dragon!
Vehumet accepts your kill.
You feel your power returning.
The acid dragon scales are intact enough to wear.
The lightning grounds out.
Your Staves skill increases to level 1!
Things that are here:
+0 acid dragon scales; an acid dragon corpse You start resting.
You feel sluggish.
A gargoyle comes into view. It is wielding a +0 flail.
Erolcha the Cunning comes into view.
She is wielding a +0 giant spiked club.
The gargoyle hurls a stone arrow at you.
The stone arrow hits you!!
You die...

##. .# . .. ..
.##.## .#
O....#.# #.....#
#.....# #?....#
#..@# #...#
#...#
####..[#####...
........9...9..#
...............#
................
#####...######..
#..... .


You could see Erolcha (wandering) and a gargoyle.

Vanquished Creatures
  2 hornets
  Grinder (D:3)
  3 yaks (D:8)
  Menkaure (D:5)
  2 water moccasins
  Edmund (D:5)
  2 acid dragons
  An ice beast (D:7)
  3 sky beasts
  2 black bears
  2 ogres
  A phantom (D:6)
  Blork the orc (D:4)
  A kobold brigand (D:8)
  2 bullfrogs
  2 scorpions
  A necrophage (D:6)
  3 wights (D:8)
  A howler monkey (D:8)
  Crazy Yiuf (D:7)
  8 hounds
  A gnoll bouda (D:8)
  2 orc priests
  3 jellies
  3 iguanas
  3 orc wizards
  8 adders
  3 gnolls (D:8)
  2 shadow imps
  An ufetubus (D:6)
  3 dart slugs
  14 orcs
  5 ball pythons
  7 bats
  6 endoplasms
  4 giant cockroaches
  6 goblins
  3 hobgoblins
  6 quokkas
  3 frilled lizards (D:1)
  10 kobolds
  6 rats
140 creatures vanquished.

Vanquished Creatures (others)
  21 foxfires
21 creatures vanquished.

Grand Total: 161 creatures vanquished

Notes
Turn   | Place    | Note
-------+----------+-------------------------------------------
     0 | D:1      | xian the Human Air Elementalist began the quest for the
                  | Orb.
     0 | D:1      | Reached XP level 1. HP: 13/13 MP: 3/3
   204 | D:1      | Reached XP level 2. HP: 10/19 MP: 1/5
   207 | D:1      | Learned a level 2 spell: Static Discharge
   872 | D:1      | Reached XP level 3. HP: 23/24 MP: 0/6
  2048 | D:2      | Identified the +3 ring mail of the Pit {rElec}
  2159 | D:2      | Found a faded altar of an unknown god.
  2312 | D:3      | Reached XP level 4. HP: 31/31 MP: 5/7
  2845 | D:3      | Found Saef's Assorted Antiques.
  2853 | D:3      | Reached skill level 1 in Armour
  2879 | D:3      | Bought 3 scrolls labelled HAPPOSHR TAMI for 69 gold pieces
  2879 | D:3      | Bought a scroll labelled RUMILO YTECS for 23 gold pieces
  3196 | D:3      | Acquired a +0 helmet of intelligence
  3308 | D:3      | Noticed Grinder
  3316 | D:3      | Paralysed by Grinder for 5 turns
  3328 | D:3      | Killed Grinder
  3329 | D:3      | Reached skill level 4 in Air Magic
  3329 | D:3      | Reached XP level 5. HP: 22/36 MP: 0/10
  3329 | D:3      | Reached XP level 6. HP: 25/42 MP: 0/11
  3772 | D:4      | Found Efesonukhli's Jewellery Shoppe.
  3987 | D:4      | Reached XP level 7. HP: 46/47 MP: 3/13
  4079 | D:4      | Noticed Blork the orc
  4088 | D:4      | Killed Blork the orc
  4244 | D:4      | Found Nufiomnodgha's Assorted Antiques.
  4249 | D:4      | Bought a bubbling puce potion for 18 gold pieces
  4249 | D:4      | Bought a murky purple potion for 18 gold pieces
  4292 | D:4      | Learned a level 3 spell: Swiftness
  4419 | D:4      | Found a staircase to the Ecumenical Temple.
  4439 | Temple   | Entered the Ecumenical Temple
  4466 | Temple   | Became a worshipper of Vehumet
  4634 | D:4      | Found Cafad's Assorted Antiques.
  4642 | D:4      | Bought a scroll labelled SAUWNO WOPLAXO for 28 gold pieces
  4855 | D:4      | Bought a scroll labelled PEDUCROHEN for 20 gold pieces
  4855 | D:4      | Bought a sedimented silvery potion for 18 gold pieces
  4866 | D:5      | Entered Level 5 of the Dungeon
  5016 | D:5      | Noticed a water moccasin
  5022 | D:5      | Killed a water moccasin
  5120 | D:5      | Reached XP level 8. HP: 53/53 MP: 8/15
  5180 | D:5      | Noticed Edmund
  5187 | D:5      | Killed Edmund
  5188 | D:5      | Reached skill level 5 in Air Magic
  5213 | D:5      | Noticed Menkaure
  5233 | D:5      | Killed Menkaure
  5234 | D:5      | Reached skill level 5 in Spellcasting
  6036 | D:6      | Reached XP level 9. HP: 58/58 MP: 10/17
  6081 | D:6      | Reached * piety under Vehumet
  6081 | D:6      | Offered knowledge of Foxfire by Vehumet.
  6167 | D:6      | Found a glowing silver altar of Zin.
  6170 | D:6      | Found a glowing golden altar of the Shining One.
  6173 | D:6      | Found a hide-covered altar of Uskayaw.
  6176 | D:6      | Found a broken altar of Ashenzari.
  6462 | D:6      | Reached skill level 5 in Armour
  6654 | D:6      | Noticed a hornet
  6663 | D:6      | Reached skill level 6 in Air Magic
  6663 | D:6      | Killed a hornet
  6797 | D:6      | Reached skill level 1 in Fighting
  6880 | D:7      | Reached skill level 1 in Maces & Flails
  7302 | D:7      | Found a runed translucent door.
  7303 | D:7      | Noticed Crazy Yiuf
  7308 | D:7      | Killed Crazy Yiuf
  7503 | D:7      | Noticed a hornet
  7509 | D:7      | Paralysed by a hornet for 1 turns
  7511 | D:7      | Killed a hornet
  7512 | D:7      | Reached skill level 5 in Conjurations
  7520 | D:7      | Learned a level 4 spell: Airstrike
  7522 | D:7      | Learned a level 1 spell: Foxfire
  7634 | D:7      | Found a sacrificial altar of Ru.
  7636 | D:7      | Found an opulent altar of Gozag.
  7717 | D:7      | Found a burning altar of Makhleb.
  7720 | D:7      | Offered knowledge of Magic Dart by Vehumet.
  7910 | D:7      | Reached ** piety under Vehumet
  8363 | D:8      | Reached XP level 10. HP: 64/65 MP: 13/19
  8834 | D:8      | Reached skill level 7 in Air Magic
  9158 | D:8      | Found a snail-covered altar of Cheibriados.
  9178 | D:8      | Found Coovoic's Distillery.
  9182 | D:8      | Bought a potion of heal wounds for 80 gold pieces
 10049 | D:9      | Noticed a molten gargoyle
 10062 | D:9      | Noticed a molten gargoyle
 10076 | D:10     | Entered Level 10 of the Dungeon
 10086 | D:10     | Reached skill level 1 in Staves
 10087 | D:10     | Noticed a gargoyle
 10090 | D:10     | Noticed Erolcha
 10090 | D:10     | Killed from afar by a gargoyle

Illustrated notes

Levels and vault maps discovered:
D:1:      doesnt_arrival_eight_statues, layout_rooms, feat_on_display
D:2:      kennysheep_big_flooded_room, layout_loops_ring,
          hellmonk_ecumenical_altar_leap_of_faith
D:3:      layout_basic, serial_shops, nicolae_shop_behind_doors,
          minmay_stone_trees_large, uniq_grinder
D:4:      layout_rooms, minmay_temple_entry_glassed_door, serial_shops,
          nicolae_shop_trees, kennysheep_mini_moat, shop, uniq_blork_the_orc
D:5:      layout_rooms, grunt_decor_one_mirror, uniq_menkaure, uniq_edmund
D:6:      layout_basic, grunt_temple_overflow_cloverleaf
D:7:      layout_layer_cave, jmf_multi_god_temple, makhleb_heckhound_becter,
          uniq_crazy_yiuf_cottage
D:8:      layout_layer_cave, mainiacjoe_overflow_chevrons, serial_shops, shop
D:9:      layout_basic, minivault_8
D:10:     layout_loops_cross, dpeg_oklobed_lair, uniq_erolcha
Temple:   minmay_temple_curvy_branch

Skill      XL: |  1  2  3  4  5  6  7  8  9 10 |
---------------+-------------------------------+-----
Spellcasting   | 3 4 5 6 |  6.8
Armour         | 2 3 4 6 |  6.6
Air Magic      | 4 5 6 7 |  7.2
Conjurations   | 2 3 4 5 6 |  6.8
Stealth        | 3 |  3.7
Fighting       | 1 |  1.4
Maces & Flails | 1 |  1.2
Staves         | 1 |  1.1
Dodging        | |  2.7
Shields        | |  0.1
Fire Magic     | |  0.2

Action                   |  1- 3 |  4- 6 |  7- 9 | 10-12 || total
-------------------------+-------+-------+-------+-------++-------
Melee: Mace              |    25 |       |       |       ||    25
       Dagger            |       |    11 |    11 |       ||    22
       Flail             |       |       |    24 |       ||    24
       Quarterstaff      |       |       |       |     4 ||     4
 Cast: Shock             |    68 |    37 |   131 |    41 ||   277
       Static Discharge  |       |    10 |    50 |    25 ||    85
       Foxfire           |       |       |     7 |     4 ||    11
       Swiftness         |       |       |     1 |     1 ||     2
       Airstrike         |       |       |     1 |       ||     1
  Use: Scroll            |     8 |     4 |     3 |     2 ||    17
       Potion            |       |       |       |     1 ||     1
 Stab: Sleeping          |       |       |     1 |       ||     1
       Confused          |       |       |       |     2 ||     2
Armor: Leather armour    |     7 |       |       |       ||     7
       Ring mail         |       |    15 |    53 |     6 ||    74
Dodge: Dodged            |    27 |     8 |    40 |    12 ||    87
Block: Other             |       |       |     2 |     4 ||     6
